 Dungeon Crawl Stone Soup version 0.27-a0-909-g0721f309d1 (webtiles) character file.

Game seed: 3473308624562521905

10 Alarkh the Insei (level 2, 15/22 HPs)
             Began as a Demonspawn Gladiator on Apr 8, 2021.
             Got out of the dungeon alive.
             The game lasted 00:00:14 (223 turns).

Alarkh the Insei (Demonspawn Gladiator)              Turns: 223, Time: 00:00:15

Health: 15/22      AC:  5    Str: 14    XL:     2   Next: 10%
Magic:  2/2        EV: 12    Int:  9    God:
Gold:   11         SH:  0    Dex: 14    Spells: 1/1 levels left

rFire    . . .     SeeInvis .     - Unarmed
rCold    . . .     Faith    .   (no shield)
rNeg     . . .     Spirit   .   a - +0 leather armour
rPois    .         Reflect  .   b - +0 helmet
rElec    .         Harm     .   (no cloak)
rCorr    .         Rampage  .   (no gloves)
Will     .....                  (no boots)
Stlth    +.........             (no amulet)
HPRegen  0.07/turn              (no ring)
MPRegen  0.08/turn              (no ring)

@: no status effects
A: rugged brown scales 1
a: no special abilities


You escaped.
You visited 1 branch of the dungeon, and saw 1 of its levels.

You collected 11 gold pieces.

Inventory:

Missiles
 c - 3 throwing nets (quivered)
Armour
 a - a +0 leather armour (worn)
 b - a +0 helmet (worn)
Jewellery
 e - a +6 ring of strength
Scrolls
 d - a scroll of enchant weapon {unknown}


   Skills:
 + Level 2.2 Fighting
 - Level 1.7 Throwing
 - Level 2.6 Dodging
 * Level 3.1 Unarmed Combat


You had one spell level left.
You didn't know any spells.
Your spell library was empty.

Dungeon Overview and Level Annotations

Branches:
Dungeon (1/15)

Altars:


Innate Abilities, Weirdness & Mutations

You are partially covered in rugged brown scales. (AC +1, +3% HP)


Message History

Rugged brown scales grow over part of your body.
HP restored.
Found 16 arrows.
d - a scroll labelled JIK ZOOCRAC No target in view!
Found a kite shield.
e - a +6 ring of strength You open the door.
A goblin comes into view. It is wielding a +0 club.
Found 19 poisoned darts and 13 stones.
Found 3 boomerangs and a pair of boots.
There is an open door here.
A kobold comes into view. It is wielding a +0 short sword.
Found a paperback book.
The helpless goblin fails to defend itself.
You hit the goblin.
You kill the goblin!
The kobold shouts!
You see here 19 poisoned darts.
You hit the kobold but do no damage.
The kobold hits you with a +0 short sword.
You barely miss the kobold. The kobold closely misses you.
You barely miss the kobold. The kobold hits you but does no damage.
You closely miss the kobold.
The kobold hits you with a +0 short sword.
You hit the kobold.
The kobold is moderately wounded.
You hit the kobold.
You kill the kobold!
No target in view!
No target in view!
You see here a +0 club.
You see here a hobgoblin corpse.
You enter the shallow water.
Moving in this stuff is going to be slow.
You enter the shallow water.
Moving in this stuff is going to be slow.
There is a staircase leading out of the dungeon here.
Are you sure you want to leave the Dungeon?
This will make you lose the game!
You have escaped!

## #### #######.. ##≈#
...# ######....##..
.≈..###.###.#.#..#####..
.≈.....≈)....#..###.##..
≈≈..≈..≈≈≈≈.##....#.##.[
≈≈.≈.≈.≈≈≈≈÷...†.##.....
...≈≈≈≈.≈≈≈.≈≈≈..#.....†
.≈≈≈≈≈.≈.≈≈≈≈≈..##.###..
..≈≈≈≈.@.≈≈≈≈≈.##.## #..
≈≈≈≈≈≈.≈≈≈≈≈≈≈...## #..
.≈≈≈≈≈≈.≈≈≈≈≈≈..#..# ###
#...≈≈≈≈.≈≈.≈≈...###
......≈≈≈.≈≈...###
.≈≈....≈≈.##≈.#..
....#######.....# ####
####.#


There were no monsters in sight!

Vanquished Creatures
  A ball python (D:1)
  An endoplasm (D:1)
  2 goblins (D:1)
  A hobgoblin (D:1)
  2 bats (D:1)
  A kobold (D:1)
  A rat (D:1)
9 creatures vanquished.

Notes
Turn   | Place    | Note
-------+----------+-------------------------------------------
     0 | D:1      | Alarkh the Demonspawn Gladiator began the quest for the
                  | Orb.
     0 | D:1      | Reached XP level 1. HP: 16/16 MP: 1/1
    69 | D:1      | Reached skill level 3 in Unarmed Combat
    75 | D:1      | Gained mutation: You are partially covered in rugged brown
                  | scales. (AC +1, +3% HP) [demonic ancestry]
    75 | D:1      | Reached XP level 2. HP: 11/22 MP: 2/2
   223 | D:$      | Got out of the dungeon alive.

Illustrated notes

Levels and vault maps discovered:
D:1:      dpeg_arrival_subterranean_lakeside_camping, layout_basic

Skill      XL: |  1 |
---------------+----+-----
Unarmed Combat | 3 |  3.1
Fighting       | |  2.2
Throwing       | |  1.7
Dodging        | |  2.6

Action                   || total
-------------------------++-------
Melee: Unarmed           ||    28
       Punch             ||     1
 Stab: Sleeping          ||     1
Armor: Leather armour    ||     9
Dodge: Dodged            ||    14

Table legend: (Time is in decaauts)
 A = Elapsed time spent in this place.
 B = Non-inter-level travel time spent in this place.
 C = Inter-level travel time spent in this place.
 D = Time resting spent in this place.
 E = Time spent auto-exploring this place.
 F = Levels seen in this place.
 G = Mean time per level.
                   A        B        C        D        E       F      G
               +--------+--------+--------+--------+--------+-----+--------+
         Total |    225 |    183 |     42 |      0 |    132 |   1 |  225.0 |
       Dungeon |    225 |    183 |     42 |      0 |    132 |   1 |  225.0 |
               +--------+--------+--------+--------+--------+-----+--------+

Top non-repeatable levels by time:
     D:1: 225 daAuts
